 Dungeon Crawl Stone Soup version 0.21-a0-426-g98080a9 (webtiles) character file.

34118 Spazmo the Thaumaturge (level 13, 0/75 HPs)
             Began as a Deep Elf Conjurer on Nov 6, 2017.
             Was a High Priest of Vehumet.
             Slain by a hippogriff (2 damage)
             ... on level 5 of the Lair of Beasts.
             The game lasted 01:09:07 (18503 turns).

Spazmo the Thaumaturge (Deep Elf Conjurer)         Turns: 18503, Time: 01:09:08

Health: 0/75       AC:  4    Str:  5    XL:     13   Next: 40%
Magic:  13/32      EV: 19    Int: 26    God:    Vehumet [*****.]
Gold:   889        SH:  5    Dex: 17    Spells: 5/38 levels left

rFire    + . .     SeeInvis +   y - +7 dagger of a ziggurat {freeze, *Noise rF+ Dex+2}
rCold    + . .     Gourm    +   T - +0 buckler
rNeg     . . .     Faith    .   N - +1 robe {rC+}
rPois    .         Spirit   .   S - +1 hat
rElec    .         Reflect  .   (no cloak)
rCorr    .         Harm     .   (no gloves)
MR       ++...                  (no boots)
Stlth    ++........             v - amulet of the gourmand
HPRegen  0.22/turn              W - ring of protection from magic
MPRegen  0.23/turn              Q - ring of see invisible

@: no status effects
A: no striking features
a: Renounce Religion


You were on level 5 of the Lair of Beasts.
You worshipped Vehumet.
Vehumet was extremely pleased with you.
You were completely stuffed.

You visited 3 branches of the dungeon, and saw 17 of its levels.
You also visited: Ossuary and Volcano.

You collected 889 gold pieces.

Inventory:

Hand Weapons
 y - the +7 dagger of a ziggurat (weapon) {freeze, *Noise rF+ Dex+2}
   (You found it on level 4 of the Dungeon)

   It has been specially enchanted to freeze those struck by it, causing extra
   injury to most foes and up to half again as much damage against particularly
   susceptible opponents.
   It can also slow down cold-blooded creatures.
   It affects your dexterity (+2).
   It protects you from fire.
   It may make noises in combat.
 V - the +9 long sword "Bugoacho" {protect, +Inv +Fly rF- Stlth+}
   (You found it on level 4 of the Lair of Beasts)

   It protects the one who uses it against injury (+AC on strike).
   It makes you vulnerable to fire.
   It lets you turn invisible.
   It lets you fly.
   It makes you more stealthy.
Missiles
 e - 462 stones (quivered)
Armour
 N - a +1 robe of cold resistance (worn)
 S - a +1 hat (worn)
 T - a +0 buckler (worn)
Magical Staves
 J - an uncursed staff of cold
Jewellery
 v - an amulet of the gourmand (around neck)
 x - an uncursed ring of ice
 Q - a ring of see invisible (right hand)
 W - a ring of protection from magic (left hand)
Wands
 a - a wand of scattershot (4/9)
 i - a wand of lightning (12/15)
 m - a wand of digging (8/24)
 I - a wand of lightning (3/15)
 R - a wand of flame (28/48)
Scrolls
 d - 3 scrolls of identify
 j - 10 scrolls of teleportation
 n - 16 scrolls of remove curse
 q - 4 scrolls of recharging
 t - 2 scrolls of enchant weapon
 u - 4 scrolls of magic mapping
 C - 2 scrolls of fog
 E - 5 scrolls of fear
 M - 2 scrolls of enchant armour
 P - a scroll of amnesia
 U - a scroll of brand weapon
Potions
 h - 2 potions of ambrosia
 l - 3 potions of heal wounds
 p - 2 potions of agility
 s - 5 potions of curing
 w - a potion of might
 z - a potion of mutation
 A - a potion of invisibility
 B - a potion of magic
 D - 6 potions of haste
 F - 2 potions of brilliance
 G - 3 potions of resistance
 H - 3 potions of flight
Books
 b - a book of Conjurations

   Spells                             Type                      Level
   a - Magic Dart                     Conjuration                  1
   b - Searing Ray                    Conjuration                  2
   c - Dazzling Spray                 Conjuration/Hexes            3
   d - Fulminant Prism                Conjuration/Hexes            4
   e - Force Lance                    Conjuration/Translocation    4
   f - Iskenderun's Mystic Blast      Conjuration                  4
 g - a book of Misfortune

   Spells                             Type                      Level
   a - Confusing Touch                Hexes                        1
   b - Confuse                        Hexes                        3
   c - Gell's Gravitas                Translocation                3
   d - Petrify                        Transmutation/Earth          4
   e - Metabolic Englaciation         Hexes/Ice                    5
   f - Yara's Violent Unravelling     Hexes/Transmutation          5
 o - Dawiekh's Volume of Dislocated Flight
   (You found it on level 7 of the Dungeon)

   Spells                             Type                      Level
   a - Shock                          Conjuration/Air              1
   b - Apportation                    Translocation                1
   c - Poisonous Vapours              Poison/Air                   2
   d - Recall                         Summoning/Translocation      3
   e - Lesser Beckoning               Translocation                3
   f - Lightning Bolt                 Conjuration/Air              5
   g - Silence                        Hexes/Air                    5
 K - a book of Power

   Spells                             Type                      Level
   a - Iskenderun's Battlesphere      Conjuration/Charms           5
   b - Venom Bolt                     Conjuration/Poison           5
   c - Bolt of Magma                  Conjuration/Fire/Earth       5
   d - Iron Shot                      Conjuration/Earth            6
   e - Orb of Destruction             Conjuration                  7
   f - Spellforged Servitor           Conjuration/Summoning        7
 L - a book of Cantrips

   Spells                             Type                      Level
   a - Confusing Touch                Hexes                        1
   b - Animate Skeleton               Necromancy                   1
   c - Summon Small Mammal            Summoning                    1
   d - Apportation                    Translocation                1
 O - a book of Flames

   Spells                             Type                      Level
   a - Flame Tongue                   Conjuration/Fire             1
   b - Throw Flame                    Conjuration/Fire             2
   c - Conjure Flame                  Conjuration/Fire             3
   d - Inner Flame                    Hexes/Fire                   3
   e - Sticky Flame                   Conjuration/Fire             4
   f - Fireball                       Conjuration/Fire             5
Comestibles
 c - 6 bread rations
 f - 11 meat rations
 k - 21 royal jellies
 r - 18 fruits
 X - 2 chunks of flesh


   Skills:
 - Level 6.5 Fighting
 - Level 10.0 Dodging
 - Level 3.0 Stealth
 + Level 2.4 Shields
 + Level 13.1 Spellcasting
 + Level 11.9 Conjurations
 + Level 11.9 Fire Magic
 - Level 11.0 Earth Magic


You had 5 spell levels left.
You knew the following spells:

 Your Spells              Type           Power        Failure   Level  Hunger
a - Magic Dart            Conj           ####         1%          1    None
b - Searing Ray           Conj           ######       1%          2    None
c - Conjure Flame         Conj/Fire      ######..     1%          3    None
d - Stone Arrow           Conj/Erth      ######       1%          3    None
e - Force Lance           Conj/Tloc      #####...     1%          4    None
f - Sticky Flame          Conj/Fire      ######..     1%          4    None
g - Fireball              Conj/Fire      ######....   1%          5    ##.....
h - Bolt of Magma         Conj/Fire/Erth ######....   1%          5    ##.....
i - Iron Shot             Conj/Erth      ######....   1%          6    #####..


Dungeon Overview and Level Annotations

Branches:
Dungeon (10/15)            Temple (1/1) D:5            Lair (6/6) D:10
 Shoals (0/4) Lair:2       Spider (0/4) Lair:3        Slime (0/5) Lair:5
    Orc: D:9-12

Altars:
Fedhas
Kikubaaqudgha
Nemelex Xobeh
Okawaru
Qazlal
Trog
Vehumet
Wu Jian
Xom
Yredelemnul
The Shining One

Shops:
D:5 [   D:6 :   D:7 (

Annotations:
D:4 2 transporters
D:6 Prince Ribbit


Message History

Press: ? - help, Shift-Dir - straight line, f - hippogriff, p - yak
Aim: a hippogriff (heavily wounded, covered in liquid flames)
The lance of force misses the hippogriff.
The yak burns!
The hippogriff burns! x2; The yak gores you!
* * * LOW HITPOINT WARNING * * *
The hippogriff bites you.
* * * LOW HITPOINT WARNING * * *
The hippogriff completely misses you. You block the hippogriff's attack.
The hippogriff misses you. The hippogriff completely misses you.
The hippogriff misses you.
Casting: Force Lance
Confirm with . or Enter, or press ? or * to list all spells.
Aiming: Force Lance
Press: ? - help, Shift-Dir - straight line, f/p - hippogriff
Aim: a hippogriff (heavily wounded, covered in liquid flames)
The lance of force misses the hippogriff.
The yak burns!
The hippogriff burns! x2; The yak gores you!
* * * LOW HITPOINT WARNING * * *
You block the hippogriff's attack. x2; The hippogriff claws you.
You die...

#....#.######..###..
##....#######..####.
#....##....#....###.
##.....P.......###..
##...#.P...#P..##.#.
#.....#........P##.+
#..†..#.........###.
#.YH†...........###.
##H@..†....P....#.P'
#...................
##..................
#...#...P...........
##...##.##......#...
###..###.#.#......###
#.#.....>.###....####
##...PP#...#.....#...
#.....#.............


You could see 2 hippogriffs and a yak (burning).

Vanquished Creatures
  Gastronok (Lair:3)
  Nessos (Lair:5)
  Fannar (Lair:3)
  7 hydras
  A catoblepas (Lair:4)
  The ghost of ARFLORD the Destroyer, a novice DrCj of Vehumet (D:7)
  An oklob plant (Lair:2)
  3 black mambas
  9 spiny frogs
  3 rime drakes (Lair:4)
  5 komodo dragons
  A polar bear (Lair:4)
  A queen bee (D:10)
  2 trolls (D:9)
  9 hippogriffs
  10 blink frogs
  3 wraiths
  6 wyverns
  A fire elemental (Lair:3)
  A hungry ghost (D:10)
  6 basilisks
  2 chaos spawn (D:10)
  38 yaks
  A soldier ant (D:10)
  6 water moccasins
  A porcupine (Lair:5)
  4 phantoms
  An orc warrior (D:6)
  5 ice beasts
  4 ogres
  3 centaurs
  9 crocodiles
  A big kobold (D:10)
  7 bullfrogs
  A wyvern skeleton (D:7)
  A scorpion (D:5)
  7 wights
  24 killer bees (D:10)
  2 electric eels (Lair:2)
  A howler monkey (D:6)
  2 centaur zombies (D:9)
  2 crimson imps (D:9)
  4 hounds
  3 jellies
  5 orc priests
  2 bullfrog skeletons
  5 iguanas
  4 orc wizards
  7 worker ants
  4 hound skeletons
  3 mummies (Ossuary)
  A howler monkey skeleton (D:9)
  4 gnolls (D:7)
  10 adders
  4 shadow imps
  An ooze (D:1)
  An adder zombie (D:6)
  An adder skeleton (D:2)
  A worm (D:5)
  A dart slug (D:1)
  6 leopard geckos
  27 orcs
  8 ball pythons (D:2)
  9 bats
  4 giant cockroaches
  7 goblins
  12 hobgoblins
  21 jackals
  5 quokkas
  5 frilled lizards
  A gnoll zombie (Ossuary)
  2 goblin zombies (Ossuary)
  A hobgoblin zombie (Ossuary)
  A jackal zombie (D:9)
  14 kobolds
  3 kobold zombies (Ossuary)
  An orc zombie (Ossuary)
  A quokka zombie (D:5)
  5 rats (D:1)
389 creatures vanquished.

Vanquished Creatures (others)
  A goblin zombie (Ossuary)
  8 fungi
  6 plants
15 creatures vanquished.

Grand Total: 404 creatures vanquished

Notes
Turn   | Place    | Note
-------+----------+-------------------------------------------
     0 | D:1      | Spazmo the Deep Elf Conjurer began the quest for the Orb.
     0 | D:1      | Reached XP level 1. HP: 10/10 MP: 6/6
   163 | D:1      | Reached XP level 2. HP: 14/15 MP: 4/8
   169 | D:1      | Learned a level 2 spell: Searing Ray
   481 | D:1      | Reached XP level 3. HP: 19/19 MP: 7/10
   537 | D:1      | Reached skill level 8 in Spellcasting
   537 | D:1      | Reached XP level 4. HP: 24/24 MP: 7/16
   538 | D:1      | Reached skill level 5 in Fighting
   538 | D:1      | Reached XP level 5. HP: 35/35 MP: 7/18
   544 | D:1      | Learned a level 4 spell: Force Lance
   549 | D:1      | Learned a level 4 spell: Iskenderun's Mystic Blast
  1899 | D:3      | Found an ornate altar of the Wu Jian Council.
  1902 | D:3      | Found a basalt altar of Yredelemnul.
  1953 | D:3      | Reached XP level 6. HP: 40/40 MP: 14/19
  2302 | D:4      | Found a transporter.
  2307 | D:4      | Found a bloodstained altar of Trog.
  2338 | D:4      | Noticed a kobold demonologist
  2355 | D:4      | Found a transporter.
  2371 | D:4      | Reached skill level 9 in Spellcasting
  2810 | D:4      | Got a scorched dagger
  2811 | D:4      | Identified the +7 dagger of a ziggurat {freeze, *Noise rF+ Dex+2} (You found it on level 4 of the Dungeon)
  3484 | D:5      | Entered Level 5 of the Dungeon
  3515 | D:5      | Reached XP level 7. HP: 29/44 MP: 16/21
  3622 | D:4      | HP: 2/44 [poisoned by a worker ant]
  4046 | D:5      | Found Hoimomy's Antique Armour Boutique.
  4156 | D:5      | Found a sand-covered staircase.
  4168 | Ossuary  | Entered an ossuary
  4168 | Ossuary  | Noticed a wraith
  4168 | Ossuary  | Noticed a wraith
  4168 | Ossuary  | Noticed a wraith
  4492 | Ossuary  | Noticed a wraith
  4504 | Ossuary  | Killed a wraith
  4504 | Ossuary  | Reached XP level 8. HP: 49/49 MP: 11/23
  5349 | D:5      | Found a staircase to the Ecumenical Temple.
  5357 | Temple   | Entered the Ecumenical Temple
  5384 | Temple   | Became a worshipper of Vehumet
  5546 | D:6      | Reached skill level 10 in Spellcasting
  6076 | D:6      | Found Jigiopn's Book Shop.
  6124 | D:6      | Noticed Prince Ribbit
  6161 | D:6      | Reached * piety under Vehumet
  6161 | D:6      | Offered knowledge of Shock by Vehumet.
  6423 | D:7      | Identified Dawiekh's Volume of Dislocated Flight
  6517 | D:7      | Reached XP level 9. HP: 37/54 MP: 14/25
  6835 | D:7      | Found Gofin's Weapon Shoppe.
  6993 | D:7      | Reached skill level 10 in Conjurations
  7338 | D:7      | Noticed ARFLORD's ghost (novice DrCj)
  7357 | D:7      | Killed ARFLORD's ghost
  7357 | D:7      | Reached skill level 11 in Spellcasting
  7714 | D:8      | Offered knowledge of Sting by Vehumet.
  7816 | D:8      | Reached ** piety under Vehumet
  8438 | D:9      | Noticed a troll
  8512 | D:9      | Killed a troll
  8512 | D:9      | Reached XP level 10. HP: 8/60 MP: 18/27
  8663 | D:9      | Found an iron altar of Okawaru.
  8663 | D:9      | Found an ancient bone altar of Kikubaaqudgha.
  8664 | D:9      | Found a blossoming altar of Fedhas.
  9073 | D:9      | Found a sparkling altar of Nemelex Xobeh.
  9264 | D:10     | Entered Level 10 of the Dungeon
  9456 | D:10     | Offered knowledge of Throw Flame by Vehumet.
  9633 | D:10     | Found a staircase to the Lair.
  9675 | D:10     | Found the +1 mace of Variability {chaos}
  9676 | D:10     | Found a shimmering altar of Xom.
  9691 | D:10     | Reached skill level 10 in Dodging
  9913 | D:10     | Reached *** piety under Vehumet
 11377 | Lair:1   | Entered Level 1 of the Lair of Beasts
 11389 | Lair:1   | Learned a level 5 spell: Bolt of Magma
 11396 | Lair:1   | Learned a level 6 spell: Iron Shot
 11542 | Lair:1   | Offered knowledge of Stone Arrow by Vehumet.
 11548 | Lair:1   | Learned a level 3 spell: Stone Arrow
 11640 | Lair:1   | Reached skill level 12 in Spellcasting
 11643 | Lair:1   | Reached skill level 5 in Fire Magic
 11643 | Lair:1   | Reached XP level 11. HP: 66/66 MP: 9/29
 11646 | Lair:1   | Reached skill level 5 in Earth Magic
 12415 | Lair:1   | Learned a level 5 spell: Fireball
 12421 | Lair:1   | Learned a level 4 spell: Sticky Flame
 12425 | Lair:1   | Learned a level 3 spell: Conjure Flame
 12873 | Lair:2   | Found a stormy altar of Qazlal.
 12873 | Lair:2   | Noticed an oklob plant
 12913 | Lair:2   | Killed an oklob plant
 13007 | Lair:2   | Reached **** piety under Vehumet
 13168 | Lair:2   | Offered knowledge of Static Discharge by Vehumet.
 13395 | Lair:2   | Found a staircase to the Shoals.
 13873 | Lair:3   | Noticed Fannar
 13886 | Lair:3   | Killed Fannar
 14087 | Lair:3   | Noticed a seven-headed hydra
 14103 | Lair:3   | Killed a seven-headed hydra
 14103 | Lair:3   | Reached XP level 12. HP: 32/71 MP: 22/30
 14353 | Lair:3   | Found a dark tunnel.
 14363 | Volcano  | Entered a volcano
 14560 | Lair:3   | Found a hole to the Spider Nest.
 14606 | Lair:3   | Got a ripped robe
 14607 | Lair:3   | Identified the +0 robe of Distant Shores {-Tele rElec Regen+ Int+3} (You found it on level 3 of the Lair of Beasts)
 14621 | Lair:3   | Noticed Gastronok
 14626 | Lair:3   | Killed Gastronok
 14934 | Lair:4   | Reached skill level 10 in Fire Magic
 14962 | Lair:4   | Got a translucent long sword
 14963 | Lair:4   | Identified the +9 long sword "Bugoacho" {protect, +Inv +Fly rF- Stlth+} (You found it on level 4 of the Lair of Beasts)
 15072 | Lair:4   | Reached skill level 10 in Earth Magic
 15270 | Lair:4   | Noticed a seven-headed hydra
 15279 | Lair:4   | Killed a seven-headed hydra
 15430 | Lair:4   | Noticed a six-headed hydra
 15474 | Lair:4   | Noticed a seven-headed hydra
 15491 | Lair:4   | Killed a seven-headed hydra
 15692 | Lair:4   | Noticed a catoblepas
 15708 | Lair:4   | Killed a catoblepas
 15983 | Lair:4   | Noticed a five-headed hydra
 15998 | Lair:4   | Killed a five-headed hydra
 16267 | Lair:4   | Reached ***** piety under Vehumet
 16302 | Lair:4   | Killed a six-headed hydra
 16626 | Lair:4   | Reached XP level 13. HP: 75/75 MP: 27/31
 17123 | Lair:5   | Found a staircase to the Slime Pits.
 17239 | Lair:5   | Noticed Nessos
 17257 | Lair:5   | Killed Nessos
 17412 | Lair:5   | Reached skill level 1 in Shields
 17500 | Lair:5   | Offered knowledge of Freezing Cloud by Vehumet.
 18159 | Lair:5   | Reached skill level 13 in Spellcasting
 18267 | Lair:6   | Entered Level 6 of the Lair of Beasts
 18503 | Lair:5   | HP: 2/75 [yak (15)]
 18503 | Lair:5   | Slain by a hippogriff

Vault maps used:
D:1:      lightli_arrival_lavapool, st_stairs_8, minmay_tetromino_o4
D:2:      first_bread, minmay_shallow_snake_nest
D:3:      minitemple
D:4:      gammafunk_wand_slinger, bloody_trog
D:5:      minmay_temple_entry_fiery, enter_ossuary_1, serial_shops, shop
D:6:      serial_shops, nicolae_shop_crystal, minmay_large_rounded_square,
          uniq_prince_ribbit1
D:7:      serial_shops, kennysheep_little_box
D:9:      gammafunk_temple_overflow_claw, nemelex_altar_shiori
D:10:     lair_entry_dummy, special_room, minmay_guarded_unrand_variability
Temple:   regret_index_temple_generic_petals
Lair:2:   elwin_shoals_entry_rooms, lemuel_oklob_altar
Lair:3:   spider_nest_entry_web_field, nicolae_volcano_entry_hallway,
          uniq_fannar, uniq_gastronok
Lair:4:   special_room, grunt_megastairs_5, lemuel_fruit_fields
Lair:5:   cheibrodos_lair_river_kwai, dpeg_slime_entry_corner,
          serial_bayou_shore_b, lemuel_fruit_tree, infiniplex_staircase_pool,
          uniq_nessos
Lair:6:   hangedman_lair_caniforms_friends, uniq_rupert
Ossuary:  ossuary_kennysheep_city_of_the_dead
Volcano:  volcano_aerie

Skill      XL: |  1  2  3  4  5  6  7  8  9 10 11 12 13 |
---------------+----------------------------------------+-----
Stealth        | 3 |  3.0
Dodging        | 3 8 9 10 | 10.0
Spellcasting   | 8 9 10 11 12 13 | 13.1
Conjurations   | 8 9 10 11 | 11.9
Fire Magic     | 4 5 8 11 | 11.9
Earth Magic    | 4 8 11 | 11.0
Fighting       | 5 6 |  6.5
Shields        | 2 |  2.4

Action                   |  1- 3 |  4- 6 |  7- 9 | 10-12 | 13-15 || total
-------------------------+-------+-------+-------+-------+-------++-------
Melee: Short sword       |     1 |     1 |       |       |       ||     2
       Dagger            |       |       |    18 |    11 |    13 ||    42
 Cast: Magic Dart        |    43 |   172 |   255 |   148 |    21 ||   639
       Searing Ray       |       |     2 |    51 |    51 |     3 ||   107
       Force Lance       |       |       |    11 |    30 |     7 ||    48
       Iskenderun's Myst |       |       |     3 |     3 |       ||     6
       Bolt of Magma     |       |       |       |    14 |     2 ||    16
       Iron Shot         |       |       |       |    13 |     4 ||    17
       Stone Arrow       |       |       |       |   123 |    37 ||   160
       Fireball          |       |       |       |    10 |     4 ||    14
       Sticky Flame      |       |       |       |    12 |    18 ||    30
       Conjure Flame     |       |       |       |     3 |       ||     3
  Use: Potion            |     1 |     1 |     3 |     3 |     3 ||    11
       Scroll            |       |    11 |     7 |    12 |     1 ||    31
  Eat: Chunk             |       |    12 |    19 |    28 |     7 ||    66
       Fruit             |       |     1 |       |       |       ||     1
Armor: Robe              |     3 |     6 |    10 |    17 |     5 ||    41
Dodge: Dodged            |     9 |    49 |   118 |   160 |    64 ||   400
Block: Buckler           |       |       |       |       |    19 ||    19

Table legend:
 A = Spawn XP
 B = Non-spawn XP
 C = Spawn XP percentage of total XP
 D = Spawn monster count
 E = Non-spawn monster count
 F = Spawn count percentage of total count
 G = Total turns spent on level
                    A         B        C        D         E        F      G
               +---------+---------+-------+---------+---------+-------+---------
         Total |       0 |   48573 |   0.0 |       0 |     389 |   0.0 | 18503
               +---------+---------+-------+---------+---------+-------+---------
           D:1 |       0 |      68 |   0.0 |       0 |      34 |   0.0 |   958
           D:2 |       0 |      86 |   0.0 |       0 |      33 |   0.0 |   764
           D:3 |       0 |     108 |   0.0 |       0 |      16 |   0.0 |   541
           D:4 |       0 |     266 |   0.0 |       0 |      10 |   0.0 |  1567
           D:5 |       0 |     781 |   0.0 |       0 |      20 |   0.0 |   923
           D:6 |       0 |     983 |   0.0 |       0 |      29 |   0.0 |   878
           D:7 |       0 |    1562 |   0.0 |       0 |      25 |   0.0 |  1163
           D:8 |       0 |     763 |   0.0 |       0 |      21 |   0.0 |   851
           D:9 |       0 |    1485 |   0.0 |       0 |      21 |   0.0 |   985
          D:10 |       0 |    3122 |   0.0 |       0 |      42 |   0.0 |  2002
        Lair:1 |       0 |    3926 |   0.0 |       0 |      19 |   0.0 |  1125
        Lair:2 |       0 |    6147 |   0.0 |       0 |      25 |   0.0 |  1448
        Lair:3 |       0 |    6941 |   0.0 |       0 |      12 |   0.0 |  1075
        Lair:4 |       0 |   11690 |   0.0 |       0 |      33 |   0.0 |  1990
        Lair:5 |       0 |    9945 |   0.0 |       0 |      34 |   0.0 |  1400
        Lair:6 |       0 |     421 |   0.0 |       0 |       3 |   0.0 |    69
       Ossuary |       0 |     279 |   0.0 |       0 |      12 |   0.0 |   693
               +---------+---------+-------+---------+---------+-------+---------
